 Dungeon Sprint DCSS version 0.31-a0-210-gccc998df9b (webtiles) character file.

Game seed: 1777165051261283297

25858 rocky1 the Sorcerer (level 23, -1/152 HPs)
             Began as a Deep Elf Earth Elementalist on June 30, 2023.
             Was an Initiate of Gozag.
             Shot with an arrow by a deep elf master archer (26 damage)
             ... in the Dungeon (Sprint VI: "Thunderdome").
             The game lasted 00:34:13 (2713 turns).

rocky1 the Sorcerer (Deep Elf Earth Elementalist)   Turns: 2713, Time: 00:34:13

Health: -1/152     AC: 11    Str:  9    XL:     23   Next: 14%
Magic:  49/54      EV: 18    Int: 42    God:    Gozag
Gold:   3048       SH:  5    Dex: 15    Spells: 47/73 levels left

rFire   + + .        i - staff of earth
rCold   . . .        u - +0 buckler
rNeg    + + +        w - +1 robe of Courage {*Corrode rElec rN++ Archmagi}
rPois   .            (no helmet)
rElec   +            q - +1 cloak "Puj Arhie" {rN+ Will++ Slay-3}
rCorr   .            A - +2 pair of gloves "Punejall" {+Inv Fly rF++}
SInv    .            z - +2 pair of boots of Servitude {Dex+3}
Will    +++++        l - amulet "Zioqajeb" {RegenMP rN+ Int+3 Dex-2}
Stlth   +++          E - ring of Raustoas {rN+ Will+ Int+6}
HPRegen 0.45/turn    n - ring of Pride {Wiz *Slow +Blink Will+ Int+2}
MPRegen 0.74/turn

%: no teleportation, corrode self (3%), slow self (1%), wizardry (x1), archmagi
@: flying
A: strong 1
}: 3/15 runes: decaying, gossamer, mossy
a: Renounce Religion, Evoke Blink, Evoke Invisibility, Potion Petition, Call
Merchant, Bribe Branch


You were in the Dungeon.
You worshipped Gozag.
Gozag was most pleased with you.
You visited 1 branch You collected 19009 gold pieces.
You spent 15961 gold pieces at shops.

Inventory:

Missiles
 j - a curare-tipped dart
Armour
 q - the +1 cloak "Puj Arhie" (worn) {rN+ Will++ Slay-3}
   (You bought it in a shop in the Dungeon)

   Slay:      It affects your accuracy & damage with ranged weapons and melee
   (-3).
   rN:        It protects you from negative energy.
   Will:      It greatly increases your willpower.
 r - the +0 tower shield "Nuubiti" {rN+ Str+2}
   (You bought it in a shop in the Dungeon)

   Str:       It affects your strength (+2).
   rN:        It protects you from negative energy.
 u - a +0 buckler (worn)
 w - the +1 robe of Courage (worn) {*Corrode rElec rN++ Archmagi}
   (You bought it in a shop in the Dungeon)

   rElec:     It insulates you from electricity.
   rN:        It greatly protects you from negative energy.
   *Corrode:  It may corrode you when you take damage.
   Archmagi:  It increases the power of your magical spells.
 z - the +2 pair of boots of Servitude (worn) {Dex+3}
   (You bought it in a shop in the Dungeon)

   Dex:       It affects your dexterity (+3).
 A - the +2 pair of gloves "Punejall" (worn) {+Inv Fly rF++}
   (You bought it in a shop in the Dungeon)

   rF:        It greatly protects you from fire.
   +Inv:      It lets you turn invisible.
   Fly:       It grants you flight.
Magical Staves
 i - a staff of earth (weapon)
Jewellery
 l - the amulet "Zioqajeb" (around neck) {RegenMP rN+ Int+3 Dex-2}
   (You bought it in a shop in the Dungeon)

   [amulet of magic regeneration]

   It increases your rate of magic regeneration.
   Int:       It affects your intelligence (+3).
   Dex:       It affects your dexterity (-2).
   rN:        It protects you from negative energy.
 n - the ring of Pride (right hand) {Wiz *Slow +Blink Will+ Int+2}
   (You bought it in a shop in the Dungeon)

   [ring of wizardry]

   It improves your spell success rate.
   Int:       It affects your intelligence (+2).
   +Blink:    It lets you blink.
   *Slow:     It may slow you when you take damage.
   Will:      It increases your willpower.
 B - the ring "Gar Vagh" {*Corrode rPois rF++ Dex+3 SInv}
   (You bought it in a shop in the Dungeon)

   [ring of see invisible]

   Dex:       It affects your dexterity (+3).
   rF:        It greatly protects you from fire.
   rPois:     It protects you from poison.
   SInv:      It lets you see invisible.
   *Corrode:  It may corrode you when you take damage.
 C - the amulet "Gaesk" {Acrobat Harm rPois Stlth-}
   (You bought it in a shop in the Dungeon)

   [amulet of the acrobat]

   It increases your evasion while moving and waiting.
   rPois:     It protects you from poison.
   Harm:      It increases damage dealt and taken.
   Stlth:     It makes you less stealthy.
 E - the ring of Raustoas (left hand) {rN+ Will+ Int+6}
   (You bought it in a shop in the Dungeon)

   [ring of intelligence]

   Int:       It affects your intelligence (+6).
   rN:        It protects you from negative energy.
   Will:      It increases your willpower.
 G - the ring of Xydanwuu {rF+ rN+ Str+2}
   (You found it in the Dungeon)

   [ring of positive energy]

   Str:       It affects your strength (+2).
   rF:        It protects you from fire.
   rN:        It protects you from negative energy.
 J - the ring of Fatigide {rElec rN+}
   (You bought it in a shop in the Dungeon)

   [ring of positive energy]

   rElec:     It insulates you from electricity.
   rN:        It protects you from negative energy.
 K - the ring "Kocsuin" {Fly rElec Dex+3 Slay+4}
   (You bought it in a shop in the Dungeon)

   [ring of slaying]

   Dex:       It affects your dexterity (+3).
   Slay:      It affects your accuracy & damage with ranged weapons and melee
   (+4).
   rElec:     It insulates you from electricity.
   Fly:       It grants you flight.
 L - the amulet "Niro" {Acrobat Rampage +Inv rN++ MP-9}
   (You bought it in a shop in the Dungeon)

   [amulet of the acrobat]

   It increases your evasion while moving and waiting.
   rN:        It greatly protects you from negative energy.
   MP:        It affects your magic capacity (-9).
   +Inv:      It lets you turn invisible.
   Rampage:   It bestows one free step when moving towards enemies.
 M - the ring "Sim Lapn" {*Corrode Fly rPois EV+5 Stlth+}
   (You bought it in a shop in the Dungeon)

   [ring of evasion]

   EV:        It affects your evasion (+5).
   rPois:     It protects you from poison.
   Fly:       It grants you flight.
   *Corrode:  It may corrode you when you take damage.
   Stlth:     It makes you more stealthy.
Scrolls
 k - 12 scrolls of fog
 x - 26 scrolls of blinking
Potions
 a - 5 potions of mutation
 b - 12 potions of magic
 c - 5 potions of curing
 d - 14 potions of heal wounds
 e - 4 potions of haste
 f - a potion of berserk rage
 g - a potion of experience
 h - a potion of resistance
 m - a potion of attraction
 o - 6 potions of brilliance
Miscellaneous
 p - a quad damage
 s - a quad damage
 t - a quad damage
 v - a tin of tremorstones (2/2)


   Skills:
 - Level 17.9 Fighting
 - Level 12.0 Dodging
 - Level 6.7 Stealth
 * Level 5.2 Shields
 * Level 25.7 Spellcasting
 + Level 16.5 Conjurations
 - Level 10.1 Summonings
 - Level 1.2 Transmutations
 + Level 20.8 Earth Magic
 - Level 10.3 Evocations


You had 47 spell levels left.
You knew the following spells:

 Your Spells              Type           Power      Damage    Failure   Level
a - Sandblast             Erth           100%       2d20      0%          1
b - Stone Arrow           Conj/Erth      100%       3d13      0%          3
c - Lee's Rapid Deconstr  Erth           87%        3d38*     0%          5
d - Iskenderun's Mystic   Conj/Tloc      100%       2d19      1%          4
e - Spellforged Servitor  Conj/Summ      64%        N/A       1%          7
f - Leda's Unmaking       Conj/Erth      84%        9d13      1%          6

Your spell library contained the following spells:

 Spells                   Type           Power      Damage    Failure   Level
 Passwall                 Tmut/Erth      100%       N/A       0%          2
 Iskenderun's Battlesphe  Conj           100%       2d15      0%          5
 Volatile Blastmotes      Fire/Tloc      100%       2d18      1%          3
 Fulminant Prism          Conj/Hex       55%        3d24      1%          4
 Petrify                  Tmut/Erth      100%       N/A       1%          4


Dungeon Overview and Level Annotations

Branches:
Dungeon (1/1)

Altars:
Cheibriados
Dithmenos
Fedhas
Gozag
Kikubaaqudgha
Makhleb
Okawaru
Qazlal
Ru
Sif Muna
Trog
Uskayaw
Vehumet
Wu Jian
Xom
Yredelemnul
Zin
The Shining One
Lugonu

Shops:
D [??*?*:[((!!!


Innate Abilities, Weirdness & Mutations

Your muscles are strong. (Str +4, Int/Dex -1)


Message History

You sense a tension in the east.
You now have 2994 gold pieces (gained 54).
You now have enough gold to bribe branches to halt enemies' attacks and recruit allies.
You now have 3048 gold pieces (gained 54).
A deep elf master archer comes into view.
The deep elf master archer wields a +2 longbow of freezing.
It is covered in frost.
The deep elf master archer shoots an arrow.
The arrow closely misses you.
The deep elf master archer shoots an arrow.
The arrow completely misses you.
You see here 54 gold pieces.
The deep elf master archer shoots an arrow.
The arrow barely misses you.
The deep elf master archer shoots an arrow.
The arrow hits you!! The arrow freezes you!
A deep elf archer comes into view.
It is wielding a +0 dagger and wearing a +1 leather armour of willpower.
The deep elf archer shouts!
The deep elf archer unwields a +0 dagger.
The deep elf archer wields a +0 shortbow.
The deep elf archer shoots an arrow.
The arrow hits you!
The deep elf master archer shoots an arrow.
The arrow barely misses you.
The deep elf master archer shoots an arrow.
The arrow hits you!! The arrow freezes you.
Aiming: Leda's Unmaking (safe; 1% risk of failure)
Press: ? - help, Q - select action, (/) - cycle Shift-Dir - straight line, f - deep elf master archer
Aim: a deep elf master archer, wielding a +2 longbow of freezing and wearing a +0 leather armour (73% to hit)
You feel a strong surge of power!
The entropic shot misses the deep elf master archer.
The deep elf master archer shoots an arrow.
The arrow hits you!!
* * * LOW HITPOINT WARNING * * *
The arrow freezes you!
* * * LOW HITPOINT WARNING * * *
The deep elf archer shoots an arrow.
The arrow closely misses you.
The deep elf master archer shoots an arrow.
The arrow hits you!!
You die...
Your body crumbles into a pile of gold.

#⌠..).......)⌠#
#####.8.........8.######
.___..[..)###[.....___∩##
..).....8)# #.8..|.....∩###
..)).)).))###.............##
....)..###...###...e......⌠#
......[# #.<[# #|.........⌠#
.....[.###...###..........⌠#
.....[....###...@.........##
..(.....8.# #.8..).....∩###
∩.__).....###$.....___∩##
#####(8..[......8.######
#⌠.....[=....e#
###.).......### #_......._#
#_........# #_......._#


You could see a deep elf master archer and a deep elf archer (repels missiles).

Vanquished Creatures
  Agnes (D)
  Arachne (D)
  4 sphinxes (D)
  A purple draconian (D)
  3 black draconians (D)
  A deep elf annihilator (D)
  2 red draconians (D)
  A white draconian (D)
  An entropy weaver (shapeshifter) (D)
  3 hydras (D)
  A wizard (D)
  A catoblepas (D)
  4 boulder beetles (D)
  3 dancing weapons (D)
  2 deep elf knights (D)
  9 orb spiders (D)
  5 deep elf archers (D)
  A harpy (shapeshifter) (D)
  4 deep elf pyromancers (D)
  A deep elf zephyrmancer (D)
  A shining eye (shapeshifter) (D)
  3 rust devils (D)
  An orange demon (D)
  12 smoke demons (D)
  2 rime drakes (D)
  A yaktaur (shapeshifter) (D)
  3 komodo dragons (D)
  A kobold demonologist (D)
  A guardian mummy (D)
  A red devil (D)
  2 trolls (shapeshifter) (D)
  A polar bear (D)
  A tarantella (shapeshifter) (D)
  2 blink frogs (shapeshifter) (D)
  A jumping spider (shapeshifter) (D)
  Sigmund (D)
  3 water elementals (D)
  2 yaks (D)
  3 fire elementals (D)
  A fire bat (shapeshifter) (D)
  2 wyverns (D)
  A ynoxinul (D)
  4 fire bats (D)
  2 chaos spawn (D)
  2 neqoxecs (D)
  2 water moccasins (D)
  A wolf (D)
  2 kobold brigands (D)
  2 earth elementals (D)
  An iron imp (D)
  A hell rat (D)
  9 mummies (D)
  3 adders (D)
  A hobgoblin (D)
  3 kobolds (D)
  A quokka (D)
  2 ball pythons (D)
  A bat (D)
  A rat (D)
133 creatures vanquished.

Vanquished Creatures (collateral kills)
  A green draconian (D)
  A white draconian (D)
  A yellow draconian (D)
  A red draconian (D)
4 creatures vanquished.

Grand Total: 137 creatures vanquished

Notes
Turn   | Place    | Note
-------+----------+-------------------------------------------
     0 | D        | rocky1 the Deep Elf Earth Elementalist began the quest for
                  | the Orb.
     0 | D        | Reached XP level 1. HP: 10/10 MP: 6/6
     4 | D        | Found an iron altar of Okawaru.
     4 | D        | Found a shimmering blue altar of Sif Muna.
     5 | D        | Found a shimmering altar of Xom.
     5 | D        | Found an ornate altar of the Wu Jian Council.
     5 | D        | Round 1.
     6 | D        | Found a corrupted altar of Lugonu.
     7 | D        | Found an opulent altar of Gozag.
     7 | D        | Found a hide-covered altar of Uskayaw.
     7 | D        | Found Maeps's Magic Scroll Shop.
     7 | D        | Found Xymm's Staff Store.
     9 | D        | Found Joesh's Jewellery.
     9 | D        | Found Gustonith's Advanced Armour.
    15 | D        | Became a worshipper of Gozag Ym Sagoz the Greedy
    16 | D        | Found Vouxev's Identification Station.
    16 | D        | Found a burning altar of Makhleb.
    16 | D        | Found a snail-covered altar of Cheibriados.
    18 | D        | Bought a twitching steel amulet for 45 gold pieces
    18 | D        | Identified the amulet "Zioqajeb" {RegenMP rN+ Int+3 Dex-2}
                  | (You bought it in a shop in the Dungeon)
    18 | D        | Bought a bound jade ring for 45 gold pieces
    18 | D        | Identified the ring "Liser" {Will+ Int+4} (You bought it in
                  | a shop in the Dungeon)
    18 | D        | Bought a brightly glowing copper ring for 45 gold pieces
    18 | D        | Identified the ring of Pride {Wiz *Slow +Blink Will+ Int+2}
                  | (You bought it in a shop in the Dungeon)
    28 | D        | Noticed Sigmund
    36 | D        | Killed Sigmund
    37 | D        | Reached skill level 6 in Spellcasting
    37 | D        | Reached skill level 1 in Evocations
    37 | D        | Reached XP level 2. HP: 15/15 MP: 5/11
    37 | D        | Reached XP level 3. HP: 19/19 MP: 5/13
    37 | D        | Reached XP level 4. HP: 24/24 MP: 5/14
    37 | D        | Reached XP level 5. HP: 28/28 MP: 5/16
    44 | D        | Reached skill level 5 in Dodging
    47 | D        | Found Noh Pick's Magic Scroll Shop.
    47 | D        | Found Keomo's Must-Have Magic.
    57 | D        | Found a stormy altar of Qazlal.
    58 | D        | Found a bloodstained altar of Trog.
    59 | D        | Found an ancient bone altar of Kikubaaqudgha.
    62 | D        | Found Sylow's Distillery.
    63 | D        | Found a basalt altar of Yredelemnul.
    63 | D        | Found a glowing silver altar of Zin.
    63 | D        | Found a shadowy altar of Dithmenos.
    63 | D        | Found Noetsadd's Do-It-Yourself Clinic.
    65 | D        | Found Ahusarph's Distillery.
    65 | D        | Found Tonud's Bottled Wisdom.
    69 | D        | Found a glowing golden altar of the Shining One.
    94 | D        | Found a blossoming altar of Fedhas.
   138 | D        | Arena points: 12 (+12) [x2]
   200 | D        | Round 2.
   203 | D        | Reached skill level 7 in Spellcasting
   216 | D        | Arena points: 48 (+36) [x3]
   263 | D        | Found a sacrificial altar of Ru.
   264 | D        | Found Xithroil's Weapon Rack.
   266 | D        | Found a radiant altar of Vehumet.
   266 | D        | Found Ejoew's Premium Goods.
   268 | D        | Found Onemie's Basic Armour.
   268 | D        | Found Ynawoykk's Miscellaneous Merchandise.
   270 | D        | Round 3.
   276 | D        | Noticed a fire bat
   277 | D        | Noticed a fire bat
   280 | D        | Killed a fire bat
   281 | D        | Reached skill level 5 in Stealth
   281 | D        | Reached skill level 8 in Spellcasting
   281 | D        | Reached XP level 6. HP: 32/32 MP: 16/19
   281 | D        | Killed a fire bat
   282 | D        | Reached skill level 9 in Spellcasting
   282 | D        | Noticed a fire elemental
   288 | D        | Killed a fire elemental
   289 | D        | Reached skill level 10 in Spellcasting
   289 | D        | Reached XP level 7. HP: 36/36 MP: 17/22
   295 | D        | Noticed a fire bat
   295 | D        | Noticed a fire elemental
   297 | D        | Killed a fire bat
   298 | D        | Reached skill level 11 in Spellcasting
   298 | D        | Noticed a fire bat
   301 | D        | Killed a fire elemental
   302 | D        | Killed a fire bat
   302 | D        | Arena points: 132 (+84) [x4]
   303 | D        | Reached XP level 8. HP: 41/41 MP: 23/25
   347 | D        | Round 4.
   372 | D        | Reached skill level 12 in Spellcasting
   377 | D        | Reached skill level 1 in Conjurations
   380 | D        | Reached skill level 1 in Fighting
   392 | D        | Noticed a kobold demonologist
   399 | D        | Killed a kobold demonologist
   430 | D        | Arena points: 272 (+140) [x5]
   473 | D        | Bought a brightly glowing robe for 199 gold pieces
   473 | D        | Identified the +2 robe of Levity {rF+++ rN+++ Str-2 Slay-5}
                  | (You bought it in a shop in the Dungeon)
   473 | D        | Bought a faintly humming cloak for 332 gold pieces
   473 | D        | Identified the +1 cloak "Puj Arhie" {rN+ Will++ Slay-3}
                  | (You bought it in a shop in the Dungeon)
   473 | D        | Bought a fading hat for 315 gold pieces
   473 | D        | Identified the +2 hat of Somewhere Else {Regen+ MP-9 Str+4
                  | SInv} (You bought it in a shop in the Dungeon)
   473 | D        | Bought a pair of heavily runed boots for 332 gold pieces
   473 | D        | Identified the +0 pair of boots of the Hammering Gods
                  | {Dex+2} (You bought it in a shop in the Dungeon)
   473 | D        | Bought a pair of heavily runed gloves for 332 gold pieces
   473 | D        | Identified the -1 pair of gloves of Sophism {Contam rPois
                  | Str+5} (You bought it in a shop in the Dungeon)
   501 | D        | Round 5.
   502 | D        | Learned a level 3 spell: Stone Arrow
   513 | D        | Noticed a witch
   523 | D        | Killed a witch
   523 | D        | Arena points: 552 (+280) [x7]
   524 | D        | Reached skill level 14 in Spellcasting
   524 | D        | Reached skill level 15 in Earth Magic
   524 | D        | Reached XP level 9. HP: 51/51 MP: 15/29
   526 | D        | Got a decaying rune of Zot
   538 | D        | Reached skill level 5 in Evocations
   538 | D        | Reached XP level 10. HP: 58/58 MP: 23/30
   548 | D        | Bought a book of Blasting for 280 gold pieces
   548 | D        | Bought a book of Power for 294 gold pieces
   554 | D        | Learned a level 5 spell: Lee's Rapid Deconstruction
   559 | D        | Learned a level 4 spell: Iskenderun's Mystic Blast
   567 | D        | Learned a level 7 spell: Spellforged Servitor
   574 | D        | Learned a level 6 spell: Leda's Unmaking
   689 | D        | Round 6.
   698 | D        | Reached skill level 1 in Summonings
   735 | D        | Reached skill level 15 in Spellcasting
   753 | D        | Noticed a five-headed hydra
   759 | D        | Killed a five-headed hydra
   760 | D        | Reached skill level 5 in Fighting
   811 | D        | Arena points: 984 (+432) [x8]
   812 | D        | Reached skill level 16 in Spellcasting
   835 | D        | Bought a staff of earth for 750 gold pieces
   852 | D        | Round 7.
   853 | D        | Noticed a boulder beetle
   853 | D        | Noticed a boulder beetle
   862 | D        | Killed a boulder beetle
   866 | D        | Killed a boulder beetle
   867 | D        | Reached skill level 5 in Summonings
   870 | D        | Noticed a boulder beetle
   878 | D        | Killed a boulder beetle
   891 | D        | Bought a potion of magic for 56 gold pieces
   905 | D        | Noticed a boulder beetle
   905 | D        | Noticed a rust devil
   909 | D        | Killed a boulder beetle
   910 | D        | Reached XP level 11. HP: 55/66 MP: 8/33
   911 | D        | Reached skill level 17 in Spellcasting
   936 | D        | Arena points: 1551 (+567) [x9]
   984 | D        | Bought a glimmering animal skin for 185 gold pieces
   984 | D        | Identified the +0 animal skin "Woptetse" {Str+2 Int+3} (You
                  | bought it in a shop in the Dungeon)
   984 | D        | Bought a tattered robe for 199 gold pieces
   984 | D        | Identified the +1 robe of Courage {*Corrode rElec rN++
                  | Archmagi} (You bought it in a shop in the Dungeon)
   984 | D        | Bought a crude cloak for 332 gold pieces
   984 | D        | Identified the +1 cloak of Lightning Storm {Int+2 SInv}
                  | (You bought it in a shop in the Dungeon)
   984 | D        | Bought a jewelled helmet for 332 gold pieces
   984 | D        | Identified the -2 helmet of Valour {rElec rC+} (You bought
                  | it in a shop in the Dungeon)
   984 | D        | Bought a pair of pitted boots for 332 gold pieces
   984 | D        | Identified the +2 pair of boots of Servitude {Dex+3} (You
                  | bought it in a shop in the Dungeon)
   984 | D        | Bought a pair of warped gloves for 332 gold pieces
   984 | D        | Identified the +2 pair of gloves "Punejall" {+Inv Fly rF++}
                  | (You bought it in a shop in the Dungeon)
   998 | D        | Round 8.
  1010 | D        | Bought a shimmering ivory ring for 45 gold pieces
  1010 | D        | Identified the ring "Gar Vagh" {*Corrode rPois rF++ Dex+3
                  | SInv} (You bought it in a shop in the Dungeon)
  1010 | D        | Bought a heavily runed copper ring for 45 gold pieces
  1010 | D        | Identified the ring "Yviacsis" {rC- rCorr Str+6} (You
                  | bought it in a shop in the Dungeon)
  1010 | D        | Bought a brightly glowing marble ring for 45 gold pieces
  1010 | D        | Identified the ring of Kuzym {*Corrode rC- Will+++ MP+9
                  | Int+6} (You bought it in a shop in the Dungeon)
  1010 | D        | Bought a sparkling jade ring for 45 gold pieces
  1010 | D        | Identified the ring of Raustoas {rN+ Will+ Int+6} (You
                  | bought it in a shop in the Dungeon)
  1015 | D        | Reached skill level 10 in Conjurations
  1086 | D        | Arena points: 2351 (+800) [x10]
  1157 | D        | Round 9.
  1217 | D        | Noticed a shining eye
  1219 | D        | Gained mutation: You occasionally lose the ability to drink
                  | potions when taking damage. [a shining eye]
  1223 | D        | Reached skill level 18 in Spellcasting
  1224 | D        | Killed a shining eye
  1260 | D        | Noticed a harpy
  1262 | D        | Killed a harpy
  1262 | D        | Arena points: 3440 (+1089) [x11]
  1289 | D        | Bought 4 potions of curing for 84 gold pieces
  1289 | D        | Bought 3 potions of heal wounds for 105 gold pieces
  1291 | D        | Bought 3 potions of experience for 900 gold pieces
  1291 | D        | Bought 3 potions of experience for 900 gold pieces
  1291 | D        | Bought a potion of experience for 300 gold pieces
  1291 | D        | Reached XP level 12. HP: 73/73 MP: 36/36
  1291 | D        | Round 10.
  1298 | D        | Noticed Arachne
  1305 | D        | Reached skill level 10 in Evocations
  1305 | D        | Reached XP level 13. HP: 62/78 MP: 16/37
  1307 | D        | Killed Arachne
  1307 | D        | Identified the ring of Xydanwuu {rF+ rN+ Str+2} (You found
                  | it in the Dungeon)
  1307 | D        | Arena points: 4740 (+1300) [x13]
  1310 | D        | Got a gossamer rune of Zot
  1365 | D        | Bought 2 potions of experience for 600 gold pieces
  1368 | D        | Reached XP level 14. HP: 86/86 MP: 38/38
  1369 | D        | Reached skill level 10 in Fighting
  1369 | D        | Reached XP level 15. HP: 92/92 MP: 39/39
  1370 | D        | Reached XP level 16. HP: 100/100 MP: 40/40
  1371 | D        | Reached skill level 10 in Summonings
  1371 | D        | Reached XP level 17. HP: 104/104 MP: 41/41
  1372 | D        | Reached XP level 18. HP: 112/112 MP: 42/42
  1373 | D        | Reached skill level 10 in Dodging
  1373 | D        | Reached XP level 19. HP: 116/116 MP: 43/43
  1374 | D        | Reached XP level 20. HP: 122/122 MP: 44/44
  1375 | D        | Reached skill level 19 in Spellcasting
  1375 | D        | Reached XP level 21. HP: 127/127 MP: 44/46
  1478 | D        | Round 11.
  1630 | D        | Arena points: 6588 (+1848) [x14]
  1673 | D        | Round 12.
  1676 | D        | Reached skill level 15 in Fighting
  1738 | D        | Arena points: 8388 (+1800) [x15]
  1753 | D        | Round 13.
  1774 | D        | Bought a potion of experience for 300 gold pieces
  1774 | D        | Reached XP level 22. HP: 145/145 MP: 42/47
  1870 | D        | Reached skill level 20 in Spellcasting
  1909 | D        | Arena points: 10676 (+2288) [x16]
  1932 | D        | Bought 3 potions of mutation for 168 gold pieces
  1932 | D        | Bought 2 potions of mutation for 112 gold pieces
  1932 | D        | Bought a potion of mutation for 56 gold pieces
  1932 | D        | Bought a potion of attraction for 21 gold pieces
  1932 | D        | Bought 6 potions of brilliance for 168 gold pieces
  1932 | D        | Bought a potion of haste for 70 gold pieces
  1932 | D        | Bought 6 potions of magic for 336 gold pieces
  1932 | D        | Bought 6 potions of magic for 336 gold pieces
  1932 | D        | Lost mutation: You occasionally lose the ability to drink
                  | potions when taking damage. [potion of mutation]
  1932 | D        | Gained mutation: Your muscles are strong. (Str +4, Int/Dex
                  | -1) [potion of mutation]
  1937 | D        | Round 14.
  1994 | D        | Reached skill level 21 in Spellcasting
  2045 | D        | Arena points: 13294 (+2618) [x17]
  2082 | D        | Bought a twisted buckler for 332 gold pieces
  2082 | D        | Identified the +0 buckler "Ytam" {rC- Regen+ rCorr Stlth+}
                  | (You bought it in a shop in the Dungeon)
  2082 | D        | Bought an ichor-stained tower shield for 332 gold pieces
  2082 | D        | Identified the +0 tower shield "Nuubiti" {rN+ Str+2} (You
                  | bought it in a shop in the Dungeon)
  2082 | D        | Bought a masterwork kite shield for 332 gold pieces
  2082 | D        | Identified the +4 kite shield of Suqon {Fly rCorr Int-2
                  | Slay+5} (You bought it in a shop in the Dungeon)
  2082 | D        | Bought a steaming buckler for 332 gold pieces
  2082 | D        | Identified the +3 buckler of Gallantry {Rampage Dex-2 SInv}
                  | (You bought it in a shop in the Dungeon)
  2094 | D        | Round 15.
  2095 | D        | Noticed Agnes
  2108 | D        | Killed Agnes
  2108 | D        | Arena points: 16429 (+3135) [x19]
  2109 | D        | Reached skill level 22 in Spellcasting
  2111 | D        | Got a mossy rune of Zot
  2122 | D        | Bought 5 scrolls of blinking for 375 gold pieces
  2122 | D        | Bought 4 scrolls of blinking for 300 gold pieces
  2122 | D        | Bought 3 scrolls of blinking for 225 gold pieces
  2123 | D        | Bought 5 scrolls of blinking for 375 gold pieces
  2123 | D        | Bought 4 scrolls of blinking for 300 gold pieces
  2123 | D        | Bought 3 scrolls of blinking for 225 gold pieces
  2123 | D        | Bought 5 scrolls of fog for 200 gold pieces
  2123 | D        | Bought 4 scrolls of fog for 160 gold pieces
  2316 | D        | Round 16.
  2326 | D        | Bought a fine crystal amulet for 45 gold pieces
  2326 | D        | Identified the amulet "Fimel" {Regen+ Int+3} (You bought it
                  | in a shop in the Dungeon)
  2326 | D        | Bought a pitted emerald amulet for 45 gold pieces
  2326 | D        | Identified the amulet "Gaesk" {Acrobat Harm rPois Stlth-}
                  | (You bought it in a shop in the Dungeon)
  2326 | D        | Bought a coiled platinum amulet for 45 gold pieces
  2326 | D        | Identified the amulet "Plog" {Regen+ rCorr Str-4 Stlth+}
                  | (You bought it in a shop in the Dungeon)
  2326 | D        | Bought a scorched graven amulet for 45 gold pieces
  2326 | D        | Identified the amulet of Dejuuf {Reflect Will+ Int+2 Dex+3
                  | SH+5 Stlth+} (You bought it in a shop in the Dungeon)
  2326 | D        | Bought a wavering ivory ring for 45 gold pieces
  2326 | D        | Identified the ring "Itohuf" {Str+5 Int+2 SInv} (You bought
                  | it in a shop in the Dungeon)
  2326 | D        | Bought a twitching ruby amulet for 45 gold pieces
  2326 | D        | Identified the amulet "Zumeh" {Faith Drain rPois rN+} (You
                  | bought it in a shop in the Dungeon)
  2326 | D        | Bought a wavering pewter ring for 45 gold pieces
  2326 | D        | Identified the ring of Fatigide {rElec rN+} (You bought it
                  | in a shop in the Dungeon)
  2326 | D        | Bought a wavering bronze ring for 45 gold pieces
  2326 | D        | Identified the ring "Kocsuin" {Fly rElec Dex+3 Slay+4} (You
                  | bought it in a shop in the Dungeon)
  2326 | D        | Bought a slimy amethyst amulet for 45 gold pieces
  2326 | D        | Identified the amulet "Niro" {Acrobat Rampage +Inv rN++
                  | MP-9} (You bought it in a shop in the Dungeon)
  2326 | D        | Bought a transparent iron ring for 45 gold pieces
  2326 | D        | Identified the ring "Sim Lapn" {*Corrode Fly rPois EV+5
                  | Stlth+} (You bought it in a shop in the Dungeon)
  2338 | D        | Reached XP level 23. HP: 131/152 MP: 39/51
  2349 | D        | Reached skill level 23 in Spellcasting
  2350 | D        | Reached skill level 15 in Conjurations
  2361 | D        | Reached skill level 24 in Spellcasting
  2381 | D        | Arena points: 20269 (+3840) [x20]
  2396 | D        | Round 17.
  2433 | D        | Bought 3 scrolls of blinking for 450 gold pieces
  2433 | D        | Bought 5 potions of heal wounds for 500 gold pieces
  2433 | D        | Bought 5 potions of heal wounds for 500 gold pieces
  2433 | D        | Bought a quad damage for 400 gold pieces
  2433 | D        | Bought a quad damage for 400 gold pieces
  2433 | D        | Bought a quad damage for 400 gold pieces
  2471 | D        | Reached skill level 1 in Shields
  2480 | D        | Reached skill level 25 in Spellcasting
  2518 | D        | Arena points: 25624 (+5355) [x21]
  2546 | D        | Round 18.
  2654 | D        | Reached skill level 5 in Shields
  2686 | D        | Arena points: 25858 (+234) [x1]
  2701 | D        | Round 19.
  2713 | D        | Shot with an arrow by a deep elf master archer

Illustrated notes

Levels and vault maps discovered:
D:        arena_sprint

Skill      XL: |  1  2  3  4  5  6  7  8  9 10 11 12 13 14 15 16 17 18 19 20 21 22 23 |
---------------+----------------------------------------------------------------------+-----
Dodging        | 4 5 6 7 8 10 12 | 12.0
Stealth        | 4 5 6 |  6.7
Spellcasting   | 6 8 10 11 14 16 18 19 22 25 | 25.7
Earth Magic    | 9 11 12 14 15 17 18 19 20 | 20.8
Evocations     | 1 2 3 5 7 9 10 | 10.3
Conjurations   | 4 6 9 12 14 16 | 16.5
Fighting       | 3 4 6 7 8 9 10 11 12 17 | 17.9
Summonings     | 6 8 9 10 | 10.1
Shields        | 5 |  5.2
Transmutations | |  1.2

Action                     |  1- 3 |  4- 6 |  7- 9 | 10-12 | 13-15 | 16-18 | 19-21 | 22-24 || total
---------------------------+-------+-------+-------+-------+-------+-------+-------+-------++-------
  Melee: Staff             |       |       |       |     2 |       |       |       |       ||     2
   Cast: Sandblast         |     1 |    10 |    17 |     4 |       |       |       |     3 ||    35
         Stone Arrow       |       |       |     5 |    23 |       |       |       |     9 ||    37
         Leda's Unmaking   |       |       |       |    40 |     2 |       |    17 |    69 ||   128
         Lee's Rapid Decon |       |       |       |     2 |       |       |     5 |     5 ||    12
         Spellforged Servi |       |       |       |       |       |       |       |     1 ||     1
  Evoke: Wand              |     3 |     2 |     3 |     2 |       |       |       |       ||    10
         Tin of tremorston |       |       |       |     2 |       |       |       |       ||     2
    Use: Potion            |       |       |     1 |     4 |     3 |     3 |     3 |     7 ||    21
         Scroll            |       |       |       |     1 |       |       |       |     4 ||     5
 Armour: Robe              |       |       |       |     2 |       |       |       |     2 ||     4
  Dodge: Dodged            |       |     2 |     6 |     8 |       |       |     1 |    25 ||    42

Table legend: (Time is in decaauts)
 A = Elapsed time spent in this place.
 B = Non-inter-level travel time spent in this place.
 C = Inter-level travel time spent in this place.
 D = Time resting spent in this place.
 E = Time spent auto-exploring this place.
 F = Levels seen in this place.
 G = Mean time per level.
                   A        B        C        D        E       F      G
               +--------+--------+--------+--------+--------+-----+--------+
         Total |   2715 |   2699 |     16 |    526 |     32 |   1 | 2715.0 |
       Dungeon |   2715 |   2699 |     16 |    526 |     32 |   1 | 2715.0 |
               +--------+--------+--------+--------+--------+-----+--------+

Top non-repeatable levels by time:
       D: 2715 daAuts
